 Dungeon Crawl Stone Soup version 0.17-a0-2171-ga91b4ec (webtiles) character file.

70 fredomojojo the Chopper (level 4, -3/37 HPs)
             Began as a Hill Orc Gladiator on Oct 25, 2015.
             Was an Initiate of Zin.
             Slain by fredomojojo's ghost (8 damage)
             ... on level 3 of the Dungeon.
             The game lasted 00:30:39 (1859 turns).

fredomojojo the Chopper (Hill Orc Gladiator)        Turns: 1859, Time: 00:30:39

Health: -3/37      AC:  9    Str: 18    XL:     4   Next: 21%
Magic:  4/4        EV:  8    Int:  8    God:    Zin [......]
Gold:   15         SH:  0    Dex: 11    Spells: 0 memorised, 3 levels left

rFire  . . .     SeeInvis .     x - -3 hunting sling (curse)
rCold  . . .     Clarity  .     u - +0 chain mail
rNeg   . . .     SustAt   .     (no shield)
rPois  .         Gourm    .     c - +0 helmet
rElec  .         Spirit   .     (no cloak)
rCorr  .         Warding  .     (no gloves)
rMut   .         Stasis   .     (no boots)
MR     .....                    (no amulet)
Stlth  ..........               (no ring)
                                (no ring)

@: not resistant to hostile enchantments, extremely unstealthy
A: no striking features
a: Donate Gold, Renounce Religion


You were on level 3 of the Dungeon.
You worshipped Zin.
Zin was noncommittal.
You were not hungry.

You visited 1 branch of the dungeon, and saw 3 of its levels.

You collected 50 gold pieces.
You donated 35 gold pieces to Zin.

Inventory:

Hand Weapons
 a - a +0 war axe
 x - a cursed -3 hunting sling (weapon)
Missiles
 d - 3 throwing nets
 f - 55 arrows
 i - 5 stones (quivered)
 k - 17 bolts
 r - 58 sling bullets
 s - 19 bolts of flame
Armour
 b - a +0 leather armour
 c - a +0 helmet (worn)
 u - a +0 chain mail (worn)
Scrolls
 l - a scroll of fear
 m - a scroll of immolation
 w - a scroll of recharging
 y - 2 scrolls of magic mapping
Potions
 g - a potion of resistance {unknown}
 h - 3 potions of curing {unknown}
 n - a potion of magic {unknown}
 o - a potion of heal wounds {unknown}
 v - 2 potions of mutation {unknown}
Comestibles
 e - 3 bread rations
 j - 2 fruits
 q - 2 meat rations


   Skills:
 + Level 2.8 Fighting
 + Level 4.6 Axes
 + Level 0.3(1.4) Slings
 + Level 2.2(2.3) Throwing
 + Level 0.7 Armour
 + Level 3.2 Dodging


You had 3 spell levels left.
You didn't know any spells.

Dungeon Overview and Level Annotations

Branches:
Dungeon (3/15)

Altars:
Cheibriados
Zin

Annotations:
D:3 fredomojojo's ghost, amateur HOFE


Message History

Press: ? - help, Shift-Dir - straight line, f/p - fredomojojo's ghost
Aim: fredomojojo's ghost You shoot a stone.
The stone closely misses fredomojojo's ghost.
Fredomojojo's ghost hits you but does no damage.
A bat comes into view.
Firing (i - inventory. (,) - cycle):
i - 7 stones (quivered)
Press: ? - help, Shift-Dir - straight line, f/p - fredomojojo's ghost
Aim: fredomojojo's ghost You shoot a stone.
The stone barely misses fredomojojo's ghost.
Fredomojojo's ghost hits you. Fredomojojo's ghost hits you!
* * * LOW HITPOINT WARNING * * *
Firing (i - inventory. (,) - cycle):
i - 6 stones (quivered)
Press: ? - help, Shift-Dir - straight line, f/p - fredomojojo's ghost
Aim: fredomojojo's ghost You shoot a stone.
The stone closely misses fredomojojo's ghost.
Fredomojojo's ghost hits you!
You die...

# #.... #..## #...# ##
#.... . #. ##..# #.####.
##.# #....[.## #.#
#(......##############.#
+(....W@........#.......
#......#.†.####.........
....(###b..# #........#
##(. ......# #........#
.(....##.#.# #........#
.#..# #.#.# #.#....... .
#.#.# #.######## .....
#.# #.#.# #.#


You could see fredomojojo's ghost and a bat.

Vanquished Creatures
  2 adders (D:2)
  2 giant geckos (D:1)
  A ball python (D:1)
  7 bats
  4 giant cockroaches
  2 hobgoblins
  A quokka (D:2)
  2 giant newts
  8 goblins
  6 jackals (D:2)
  6 kobolds
  5 rats
46 creatures vanquished.

Notes
Turn   | Place    | Note
--------------------------------------------------------------
     0 | D:1      | fredomojojo the Hill Orc Gladiator began the quest for the Orb.
     0 | D:1      | Reached XP level 1. HP: 18/18 MP: 1/1
   154 | D:1      | Reached XP level 2. HP: 25/25 MP: 2/2
   725 | D:2      | Reached XP level 3. HP: 28/30 MP: 3/3
   823 | D:2      | Found a glowing silver altar of Zin.
   863 | D:2      | Became a worshipper of Zin the Law-Giver
   864 | D:2      | Donated 19 gold pieces to Zin
   932 | D:2      | Found a snail-covered altar of Cheibriados.
  1197 | D:2      | Reached XP level 4. HP: 20/37 MP: 4/4
  1670 | D:2      | Donated 11 gold pieces to Zin
  1843 | D:3      | Noticed fredomojojo's ghost (amateur HOFE)
  1859 | D:3      | Slain by fredomojojo's ghost

Vault maps used:
D:1:      saegor_arrival_simple_d, dk_noncrumbling_2
D:2:      old_standard_altar, first_bread, cheibriados_altar_1
D:3:      grunt_temple_overflow_lords_of_destruction

Action                   |  1- 3 |  4- 6 || total
-------------------------+-------+-------++-------
Melee: War axe           |    90 |       ||    90
       Hunting sling     |       |     1 ||     1
 Fire: Hunting sling     |    22 |    63 ||    85
Throw: Stone             |    44 |       ||    44
Invok: Donate Gold       |     1 |     1 ||     2
  Use: Scroll            |     4 |       ||     4
  Eat: Chunk             |     1 |     2 ||     3
